 Dungeon Sprint DCSS version 0.28.0-43-g3370ac3207 (webtiles) character file.

Game seed: 16255615969568885138

2732 boopmooplesden the Warrior (level 9, -13/150 HPs)
             Began as a Minotaur Berserker on Mar 8, 2022.
             Was a High Priest of Trog.
             Mangled by a tentacle (25 damage)
             ... attached to a kraken
             ... in the Dungeon (Sprint II: "The Violet Keep of Menkaure").
             The game lasted 00:02:55 (1466 turns).

boopmooplesden the Warrior (Minotaur Berserker)     Turns: 1466, Time: 00:02:55

Health: -13/150    AC:  8    Str: 25    XL:     9   Next: 40%
Magic:  2/2        EV: 11    Int:  4    God:    Trog [*****.]
Gold:   206        SH:  0    Dex: 11    Spells: 8/8 levels left

rFire   . . .      SeeInvis .   i - +8 Wrath of Trog {antimagic, *Rage Rampage}
rCold   . . .      Faith    .   (shield currently unavailable)
rNeg    . . .      Spirit   .   r - +2 chain mail
rPois   .          Reflect  .   (helmet restricted)
rElec   .          Harm     .   (no cloak)
rCorr   .          Rampage  +   (no gloves)
Will    .....      Rage     50% (no boots)
Stlth   .......... NoTele   +   (no amulet)
HPRegen 0.35/turn               (no ring)
MPRegen 0.08/turn               (no ring)

@: berserking (expiring), slow
A: horns 2, retaliatory headbutt, deformed body
a: Renounce Religion, Berserk, Trog's Hand, Brothers in Arms


You were in the Dungeon.
You worshipped Trog.
Trog was extremely pleased with you.
You visited 1 branch You collected 1166 gold pieces.
You spent 960 gold pieces at shops.

Inventory:

Hand Weapons
 a - a +0 mace
 i - the +8 Wrath of Trog (weapon) {antimagic, *Rage Rampage}
   (You bought it in a shop in the Dungeon)

   It reduces the magical energy of the wielder, and disrupts the spells and
   magical abilities of those it strikes.
   Natural abilities and divine invocations are not affected.
   It causes slowness and exhaustion when equipped.
   It extends the wielder's berserk rage when killing foes.
   *Rage:     It berserks you when you make melee attacks (+50% chance).
   Rampage:   It bestows one free step when moving towards enemies.
Missiles
 m - 2 throwing nets (quivered)
 o - 6 javelins
 q - 22 sling bullets
Armour
 b - a +0 animal skin
 r - a +2 chain mail (worn)
Jewellery
 l - an amulet of reflection
 p - a ring of flight
 y - a ring of ice
Scrolls
 h - 4 scrolls of blinking
 u - 2 scrolls of magic mapping
 A - a scroll of vulnerability {unknown}
Potions
 c - 2 potions of curing
 d - a potion of heal wounds
 e - a potion of haste
 f - 5 potions of magic
 g - a potion of berserk rage
 n - 4 potions of flight
 s - a potion of mutation
 v - 3 potions of resistance
 w - a potion of brilliance
 z - a potion of might


   Skills:
 + Level 16.1 Fighting
 + Level 6.2(11.9) Axes
 + Level 15.6(16.1) Maces & Flails
 + Level 7.8 Armour
 + Level 8.5 Dodging
 + Level 2.7 Stealth


You had 8 spell levels left.
You didn't know any spells.
Your spell library was empty.

Dungeon Overview and Level Annotations

Branches:
Dungeon (1/1)

Altars:
Cheibriados
Dithmenos
Elyvilon
Fedhas
Gozag
Hepliaklqana
Kikubaaqudgha
Makhleb
Qazlal
Ru
Sif Muna
Trog
Wu Jian
Xom
Beogh
Jiyva
Lugonu

Shops:
D :*:(=[!?[(!(!*=

Annotations:
D exclusions: ice statue and oklob plant


Innate Abilities, Weirdness & Mutations

You have a pair of horns on your head.
You reflexively headbutt those who attack you in melee.
Armour fits poorly on your strangely shaped body.


Message History

You kill the tentacle!
The tentacle barely misses you. You furiously retaliate!
You headbutt the tentacle. You slice the tentacle!!
The tentacle is almost dead.
The tentacle slaps you!
You slash the tentacle!
You kill the tentacle!
The tentacle barely misses you.
You slice the tentacle!!
The tentacle is severely wounded.
The tentacle slaps you.
You barely miss the tentacle. You headbutt the tentacle!
The tentacle is almost dead.
The tentacle slaps you!
Your unstable footing causes you to fumble your attack.
The tentacle slaps you but does no damage.
Tentacles burst out of the water!
You slice the tentacle!!
You feel the ancient rage of your axe.
You kill the tentacle!
The tentacle slaps you!
* * * LOW HITPOINT WARNING * * *
Your unstable footing causes you to fumble your attack.
The tentacle closely misses you. You furiously retaliate!
You headbutt the tentacle! You barely miss the tentacle.
The tentacle is moderately wounded.
The tentacle slaps you!
* * * LOW HITPOINT WARNING * * *
A tentacle rises from the water!
Your unstable footing causes you to fumble your attack.
The tentacle slaps you.
* * * LOW HITPOINT WARNING * * *
The tentacle slaps you!!
* * * LOW HITPOINT WARNING * * *
You slice the tentacle!! You headbutt the tentacle.
The tentacle is severely wounded.
The kraken squirts a massive cloud of ink into the water!
The tentacle slaps you!!
You die...

****,*,,#[[▓(.)[....▓▓,⌠,*,*,+≈,,
#,,+.##.#:|▓.[...(..▓▓,,,*,*,+≈,,
#,,*...####▓...|...)▓▓,,,*,*,+≈,,
##**#..##.#▓)......)▓▓,,,*,*,+≈,,
.#,,+^.#.)#▓..[)...(▓▓,,,*,*,+≈,,
.#,,#..#..#▓.[.)..):▓▓,⌠,*,*,*≈,,
.####.^##÷#▓..:)(...▓▓,,,*,*,*≈,,
...###...##▓▓▓▓▓▓▓Λ▓▓▓▓+▓*,***≈,,
....§≈≈≈≈≈≈≈≈§§§@w.──Xw≈▓,,,,,,,,
.....≈#+########'###ww≈≈▓,,,,,,,*
≈≈≈..≈#....._..#§§≈##≈≈≈▓,,,,,,**
§≈≈≈.≈#...._._.#§§§≈####▓****≈**
§≈≈≈≈≈#..._._._#§§§§§#*,,*,,*≈*
§§§≈§≈#.._._._.#§§§§§§#,,*,,*≈*
§≈§§≈§#._._._._#≈§≈≈§≈+,,+,,*≈*
≈###§≈#_._._._.#§§§§≈≈#,,*,,*≈*
≈#,*≈≈*,_,_,_,_*≈≈≈≈≈≈*,,*,,*≈*


You could see a kraken and 3 tentacles.

Vanquished Creatures
  A yaktaur (D)
  3 polar bears (D)
  A hornet (D)
  4 neqoxecs (D)
  A vampire mosquito (D)
  Menkaure (D)
  4 water moccasins (D)
  4 necrophages (D)
  4 scorpions (D)
  3 worms (D)
  3 tentacles (D)
29 creatures vanquished.

Vanquished Creatures (others)
  4 tentacles (D)
4 creatures vanquished.

Grand Total: 33 creatures vanquished

Notes
Turn   | Place    | Note
-------+----------+-------------------------------------------
     0 | D        | boopmooplesden the Minotaur Berserker began the quest for
                  | the Orb.
     0 | D        | Reached XP level 1. HP: 19/19 MP: 0/0
     1 | D        | Noticed a neqoxec
     1 | D        | Noticed a neqoxec
     1 | D        | Noticed a neqoxec
     1 | D        | Noticed a neqoxec
     5 | D        | Killed a neqoxec
     6 | D        | Reached skill level 8 in Fighting
     6 | D        | Reached XP level 2. HP: 35/35 MP: 1/1
     6 | D        | Reached XP level 3. HP: 40/40 MP: 2/2
     6 | D        | Reached XP level 4. HP: 48/48 MP: 3/3
     7 | D        | Killed a neqoxec
     8 | D        | Reached skill level 9 in Fighting
     8 | D        | Reached skill level 5 in Armour
     8 | D        | Reached XP level 5. HP: 50/58 MP: 4/4
    10 | D        | Killed a neqoxec
    10 | D        | Reached ** piety under Trog
    11 | D        | Reached skill level 11 in Fighting
    11 | D        | Reached skill level 10 in Maces & Flails
    11 | D        | Reached skill level 5 in Dodging
    11 | D        | Reached XP level 6. HP: 35/68 MP: 5/5
    13 | D        | Gained mutation: Armour fits poorly on your strangely
                  | shaped body. [a neqoxec]
    14 | D        | Killed a neqoxec
   298 | D        | Reached skill level 12 in Fighting
   298 | D        | Reached XP level 7. HP: 66/77 MP: 6/6
   317 | D        | Reached *** piety under Trog
   600 | D        | Noticed an ice statue
   603 | D        | Reached **** piety under Trog
   619 | D        | Reached skill level 13 in Fighting
   628 | D        | Reached XP level 8. HP: 86/86 MP: 7/7
   636 | D        | Reached ***** piety under Trog
   641 | D        | Found Hoevyulo's Assorted Antiques.
   641 | D        | Found Piewaed's Jewellery Shoppe.
   641 | D        | Found Foukirad's Antique Weapon Emporium.
   641 | D        | Found Huwolam's Distillery.
   641 | D        | Found Roifu's Weapon Shoppe.
   641 | D        | Found Oraorhea's Distillery.
   642 | D        | Found Zesir's Antique Armour Shoppe.
   642 | D        | Found Sipibremm's Magic Scroll Emporium.
   643 | D        | Found Fufej's Distillery.
   643 | D        | Found Atetimat's Antique Armour Emporium.
   643 | D        | Noticed Menkaure
   643 | D        | Noticed a cane toad
   653 | D        | Killed Menkaure
   657 | D        | Found Faophay's Jewellery Shoppe.
   657 | D        | Found Qoschalage's Weapon Emporium.
   657 | D        | Noticed an oklob plant
   657 | D        | Noticed a cane toad
   658 | D        | Found Zycicech's Book Emporium.
   658 | D        | Found Xaasch Ekoe's Assorted Antiques.
   658 | D        | Found Largho Uxtaem's Book Shoppe.
   662 | D        | Bought the +8 Wrath of Trog {antimagic, *Rage Rampage} for
                  | 960 gold pieces
   662 | D        | Found the +8 Wrath of Trog {antimagic, *Rage Rampage}
   737 | D        | Reached skill level 14 in Fighting
   737 | D        | Reached skill level 1 in Stealth
   936 | D        | Found a blossoming altar of Fedhas.
   936 | D        | Found an opulent altar of Gozag.
   937 | D        | Found a white marble altar of Elyvilon.
   937 | D        | Found a burning altar of Makhleb.
   938 | D        | Found a shadowy altar of Dithmenos.
   938 | D        | Found a corrupted altar of Lugonu.
   939 | D        | Found a snail-covered altar of Cheibriados.
   939 | D        | Found an ancient bone altar of Kikubaaqudgha.
   939 | D        | Found a bloodstained altar of Trog.
   940 | D        | Found a viscous altar of Jiyva.
   940 | D        | Found a shimmering blue altar of Sif Muna.
   941 | D        | Found a hazy altar of Hepliaklqana.
   941 | D        | Found a sacrificial altar of Ru.
   942 | D        | Found a stormy altar of Qazlal.
   942 | D        | Found an ornate altar of the Wu Jian Council.
   942 | D        | Found a shimmering altar of Xom.
   942 | D        | Noticed a polar bear
   942 | D        | Noticed a polar bear
   943 | D        | Noticed a yaktaur
   943 | D        | Noticed a hornet
   946 | D        | Killed a polar bear
   950 | D        | Killed a polar bear
   951 | D        | Reached skill level 15 in Fighting
   951 | D        | Reached skill level 1 in Axes
   951 | D        | Killed a hornet
   952 | D        | Reached skill level 15 in Maces & Flails
   952 | D        | Reached XP level 9. HP: 66/97 MP: 2/8
   952 | D        | Noticed a polar bear
   957 | D        | Killed a yaktaur
   958 | D        | Killed a polar bear
  1231 | D        | Noticed a kraken
  1237 | D        | Received a gift from Trog
  1238 | D        | Reached skill level 5 in Axes
  1239 | D        | Reached skill level 16 in Fighting
  1466 | D        | Mangled by a tentacle

Illustrated notes

Levels and vault maps discovered:
D:        the_violet_keep_of_menkaure [sprint2_stairs_cluster_1,
          sprint2_shoproom, sprint2_temple, sprint2_basic_supplies,
          sprint2_obstacle_2, sprint2_obstacle_7, sprint2_obstacle_3,
          sprint2_obstacle_1, sprint2_obstacle_4, sprint2_timed_cluster_1,
          sprint2_smallroom_cluster_1, sprint2_smallroom_final_cluster_1,
          sprint2_transparent_cluster_1, sprint2_second_timed_cluster_1,
          sprint2_sniper_area_1, sprint2_heavy_combat_area_1,
          sprint2_mutation_trap_area_1, sprint2_forest_area_1,
          sprint2_light_combat_area_1, sprint2_behind_water_1,
          sprint2_near_end_vault_1]

Skill      XL: |  1  2  3  4  5  6  7  8  9 |
---------------+----------------------------+-----
Fighting       | 8 9 11 12 13 15 16 | 16.1
Maces & Flails | 8 9 10 11 13 15 | 15.6
Armour         | 4 5 6 7 |  7.8
Dodging        | 4 5 6 7 8 |  8.5
Stealth        | 2 |  2.7
Axes           | 2 6 |  6.2

Action                   |  1- 3 |  4- 6 |  7- 9 || total
-------------------------+-------+-------+-------++-------
Melee: Mace              |     3 |    12 |    37 ||    52
       Headbutt          |     1 |     5 |    21 ||    27
       Punch             |       |     1 |     1 ||     2
       Battleaxe         |       |       |    41 ||    41
Invok: Berserk           |     1 |       |     2 ||     3
  Use: Scroll            |       |       |    10 ||    10
Armor: Animal skin       |       |     1 |     2 ||     3
       Chain mail        |       |       |     1 ||     1
Dodge: Dodged            |     1 |     2 |    37 ||    40
